 Dungeon Crawl Stone Soup version 0.30-a0-476-g330ca2eb8e (webtiles) character file.

Game seed: 11068416917092661980

179 cforsyth the Digger (level 5, -5/28 HPs)
             Began as a Gargoyle Earth Elementalist on Dec 21, 2022.
             Slain by a lemure (6 damage)
             ... led by Pikel
             ... on level 4 of the Dungeon.
             The game lasted 00:04:31 (3349 turns).

cforsyth the Digger (Gargoyle Earth Elementalist)   Turns: 3349, Time: 00:04:32

Health: -5/28      AC:  6    Str: 11    XL:     5   Next: 59%
Magic:  5/10       EV: 11    Int: 18    God:
Gold:   201        SH:  0    Dex: 10    Spells: 10/11 levels left

rFire   . . .      SeeInvis .    (no weapon)
rCold   . . .      Faith    .    (no shield)
rNeg    + . .      Spirit   .    a - +0 robe
rPois   ∞          Reflect  .    (no helmet)
rElec   +          Harm     .    (no cloak)
rCorr   .          Rampage  .    (no gloves)
Will    .....                    (no boots)
Stlth   ++........               (no amulet)
HPRegen 0.24/turn                (no ring)
MPRegen 0.12/turn                (no ring)

@: no status effects
A: sickness immunity, AC +4, negative energy resistance 1, electricity
resistance, torment resistance 1, petrification resistance
a: no special abilities


You were on level 4 of the Dungeon.
You visited 1 branch of the dungeon, and saw 4 of its levels.

You collected 201 gold pieces.

Inventory:

Hand Weapons
 u - the +1 whip "Woqeos" {protect, rF+ rC- Dex+7}
   (You found it on level 4 of the Dungeon)

   It grants its wielder temporary protection when it strikes (+7 to AC).
   Dex:       It affects your dexterity (+7).
   rF:        It protects you from fire.
   rC:        It makes you vulnerable to cold.
Armour
 a - a +0 robe (worn)
Jewellery
 c - a ring of willpower
Scrolls
 e - 2 scrolls of silence {unknown}
 g - 3 scrolls of immolation {unknown}
 h - a scroll of blinking {unknown}
 i - 2 scrolls of enchant armour {unknown}
 l - a scroll of vulnerability {unknown}
 m - 2 scrolls of identify {unknown}
 n - a scroll of magic mapping {unknown}
 p - a scroll of amnesia {unknown}
 s - a scroll of noise {unknown}
Potions
 b - a potion of magic
 d - 3 potions of might {unknown}
 f - a potion of invisibility {unknown}
 j - a potion of haste {unknown}
 k - a potion of experience {unknown}
 o - a potion of degeneration {unknown}
 q - 2 potions of curing {unknown}
 r - 2 potions of ambrosia {unknown}
 t - a potion of heal wounds {unknown}


   Skills:
 - Level 1.5 Dodging
 - Level 2.1 Stealth
 + Level 3.9 Spellcasting
 - Level 0.7 Transmutations
 + Level 5.8 Earth Magic


You had 10 spell levels left.
You knew the following spells:

 Your Spells              Type           Power      Damage    Failure   Level
a - Sandblast             Erth           48%        2d12      1%          1

Your spell library contained the following spells:

 Spells                   Type           Power      Damage    Failure   Level
 Passwall                 Tmut/Erth      12%        N/A       6%          2
 Stone Arrow              Conj/Erth      26%        3d8       14%         3
 Petrify                  Tmut/Erth      15%        N/A       36%         4
 Ignite Poison            Fire/Tmut/Pois 4%         N/A       38%         3
 Kindle Blastsparks       Fire/Tloc/Air  6%         2d10      41%         3
 Freezing Cloud           Conj/Ice/Air   1%         6-21      99%         5
 Borgnjor's Revivificati  Necr           1%         N/A       100%        8
 Necromutation            Tmut/Necr      2%         N/A       100%        8
 Death's Door             Necr           1%         N/A       100%        9


Dungeon Overview and Level Annotations

Branches:
Dungeon (4/15)
 Temple: D:4-7

Altars:

Annotations:
D:4 1 runed translucent door, Dowan; Duvessa; Pikel; avis's ghost, amateur NaVM


Innate Abilities, Weirdness & Mutations

You are immune to sickness and miasma.
Your stone body is resilient. (AC +4)
You are immune to poison.
You resist negative energy. (rN+)
You are resistant to electric shocks. (rElec)
You are resistant to unholy torment.
You are immune to petrification.


Message History

The blast of sand hits Pikel.
Pikel is lightly wounded.
The lemure barely misses you. Pikel completely misses you.
The lemure hits you but does no damage.
Unknown command.
Casting: Sandblast (safe; 1% risk of failure)
Confirm with . or Enter, or press ? or * to list all spells.
Aiming: Sandblast (safe; 1% risk of failure)
Press: ? - help, Shift-Dir - straight line, f/p - Pikel
Aim: Pikel, wielding a +2 whip of freezing, wearing a +0 robe and carrying a wand of paralysis (9) (lightly wounded, 79% to hit)
The blast of sand hits Pikel but does no damage.
Pikel is lightly wounded.
Pikel hits you with a +2 whip of freezing.
Pikel freezes you. The lemure hits you but does no damage.
Casting: Sandblast (safe; 1% risk of failure)
Confirm with . or Enter, or press ? or * to list all spells.
Aiming: Sandblast (safe; 1% risk of failure)
Press: ? - help, Shift-Dir - straight line, f/p - Pikel
Aim: Pikel, wielding a +2 whip of freezing, wearing a +0 robe and carrying a wand of paralysis (9) (lightly wounded, 79% to hit)
The blast of sand hits Pikel.
Pikel is lightly wounded.
The lemure hits you but does no damage.
Pikel says, "I'm sure they'll be treated well, anyway."
Pikel hits you with a +2 whip of freezing.
Pikel freezes you.
Pikel hits you with a +2 whip of freezing.
Pikel freezes you. The lemure hits you.
Casting: Sandblast (safe; 1% risk of failure)
Confirm with . or Enter, or press ? or * to list all spells.
Aiming: Sandblast (safe; 1% risk of failure)
Press: ? - help, Shift-Dir - straight line, f/p - Pikel
Aim: Pikel, wielding a +2 whip of freezing, wearing a +0 robe and carrying a wand of paralysis (9) (lightly wounded, 79% to hit)
The blast of sand hits Pikel but does no damage.
Pikel is lightly wounded.
Pikel hits you with a +2 whip of freezing!
* * * LOW HITPOINT WARNING * * *
Pikel freezes you.
* * * LOW HITPOINT WARNING * * *
The lemure hits you.
You die...

.######....#
#.#.# .#
###...ee.#.#
.### .#
.######.#
...# ## .#
#.######.#.#
# #
##.#........
##>#.......#
#<###......#
##K#55....##
##@#.....#
#####K### #.#
########.##
#.........###
............#
..######..#.#
#K.#.####
#)...[...


You could see Pikel and 2 lemures.

Vanquished Creatures
  Natasha (thrice) (D:3)
  An orc wizard (D:3)
  2 adders
  A dart slug (D:3)
  6 orcs
  4 ball pythons
  6 bats
  6 endoplasms
  2 giant cockroaches (D:1)
  6 goblins
  3 hobgoblins
  3 quokkas
  A frilled lizard (D:3)
  6 kobolds
  3 rats
53 creatures vanquished.

Notes
Turn   | Place    | Note
-------+----------+-------------------------------------------
     0 | D:1      | cforsyth the Gargoyle Earth Elementalist began the quest
                  | for the Orb.
     0 | D:1      | Reached XP level 1. HP: 10/10 MP: 3/3
   261 | D:1      | Found a faded altar of an unknown god.
   348 | D:1      | Reached XP level 2. HP: 15/15 MP: 3/5
   381 | D:1      | Reached skill level 4 in Earth Magic
  1190 | D:2      | Reached XP level 3. HP: 19/19 MP: 3/6
  1749 | D:3      | Reached skill level 5 in Earth Magic
  1749 | D:3      | Reached XP level 4. HP: 24/24 MP: 5/8
  2034 | D:3      | Noticed Natasha
  2038 | D:3      | Killed Natasha
  2379 | D:3      | Noticed Natasha
  2385 | D:3      | Killed Natasha
  2386 | D:3      | Reached XP level 5. HP: 19/28 MP: 4/10
  2473 | D:3      | Noticed Natasha
  2476 | D:3      | Killed Natasha
  2640 | D:4      | Found a runed translucent door.
  2642 | D:4      | Noticed avis's ghost (amateur NaVM)
  2652 | D:4      | Noticed Duvessa
  2653 | D:4      | Noticed Dowan
  3268 | D:4      | Identified the +1 whip "Woqeos" {protect, rF+ rC- Dex+7}
  3311 | D:4      | Noticed a lemure
  3311 | D:4      | Noticed a lemure
  3312 | D:4      | Noticed Pikel
  3313 | D:4      | Noticed a lemure
  3325 | D:4      | Paralysed by Pikel for 2 turns
  3349 | D:4      | HP: 1/28 [Pikel/+2 whip of freezing (1)]
  3349 | D:4      | Slain by a lemure

Illustrated notes

Levels and vault maps discovered:
D:1:      lightli_arrival_statue_moat, layout_basic,
          hellmonk_ecumenical_altar_arch_garden, grunt_decor_clamped
D:2:      layout_rooms, minmay_hexomino_f4
D:3:      layout_loops_ring, uniq_natasha
D:4:      layout_loops_ring, ebering_ghost_sewer_f, minivault_1, uniq_duvessa,
          uniq_pikel

Skill      XL: |  1  2  3 |
---------------+----------+-----
Earth Magic    | 4 5 |  5.8
Spellcasting   | 3 |  3.9
Dodging        | |  1.5
Stealth        | |  2.1
Transmutations | |  0.7

Action                   |  1- 3 |  4- 6 || total
-------------------------+-------+-------++-------
 Cast: Sandblast         |    45 |    34 ||    79
Armor: Robe              |     7 |     5 ||    12
Dodge: Dodged            |    10 |     4 ||    14

Table legend: (Time is in decaauts)
 A = Elapsed time spent in this place.
 B = Non-inter-level travel time spent in this place.
 C = Inter-level travel time spent in this place.
 D = Time resting spent in this place.
 E = Time spent auto-exploring this place.
 F = Levels seen in this place.
 G = Mean time per level.
                   A        B        C        D        E       F      G
               +--------+--------+--------+--------+--------+-----+--------+
         Total |   3389 |   3322 |     67 |    528 |   2375 |   4 |  847.2 |
       Dungeon |   3389 |   3322 |     67 |    528 |   2375 |   4 |  847.2 |
               +--------+--------+--------+--------+--------+-----+--------+

Top non-repeatable levels by time:
     D:1: 1042 daAuts
     D:3: 875 daAuts
     D:4: 810 daAuts
     D:2: 661 daAuts
